 Dungeon Sprint DCSS version 0.25-b1-23-ge2ad7d536c (webtiles) character file.

Game seed: 4119273068322713783, levelgen mode: deterministic

8294 Hugehornet the Imperceptible (level 11, -1/77 HPs)
             Began as an Octopode Assassin on June 3, 2020.
             Was the Champion of Dithmenos.
             Slain by a necrophage (5 damage)
             ... in the Dungeon (Sprint I: "Red Sonja").
             The game lasted 00:06:05 (1107 turns).

Hugehornet the Imperceptible (Octopode Assassin)    Turns: 1107, Time: 00:06:06

Health: -1/77      AC: -7    Str:  9    XL:     11   Next: 28%
Magic:  10/14      EV: 19    Int: 16    God:    Dithmenos [******]
Gold:   366        SH:  0    Dex: 16    Spells: 10/10 levels left

rFire    + . .     SeeInvis .   l - +2 dagger (drain)
rCold    + . .     Gourm    .   (no shield)
rNeg     . . .     Faith    .   (helmet restricted)
rPois    +         Spirit   .   (no amulet)
rElec    .         Reflect  .   q - ring "Ytokow" {rPois rF+ rC+ Dex+2 Stlth+}
rCorr    .         Harm     .   (no ring)
MR       .....     NoTele   +   (no ring)
Stlth    ++++++++++             (no ring)
HPRegen  0.00/turn              (no ring)
MPRegen  0.14/turn              (no ring)
                                (no ring)
                                (no ring)

@: corroded, non-regenerating, diseased, wreathed by umbra
A: almost no armour, stealthy swim, amphibious, 8 rings, constrict 8, camouflage
1, blurry vision 2, low mp 2, poison resistance, weak 1, gelatinous body 1, no
potion heal 1, subdued magic 2
a: Shadow Step, Shadow Form, Renounce Religion


You were in the Dungeon.
You worshipped Dithmenos.
Dithmenos was exalted by your worship.
You were hungry.

You visited 1 branch You collected 1070 gold pieces.
You spent 704 gold pieces at shops.

Inventory:

Hand Weapons
 a - a +2 dagger
 l - a +2 dagger of draining (weapon)
Missiles
 b - 24 poisoned darts (quivered)
 c - 10 curare-tipped darts
Armour
 m - a +0 troll leather armour
Jewellery
 q - the ring "Ytokow" (left tentacle) {rPois rF+ rC+ Dex+2 Stlth+}
   (You bought it in a shop in the Dungeon)

   [ring of protection from fire]

   It affects your dexterity (+2).
   It protects you from fire.
   It protects you from cold.
   It protects you from poison.
   It makes you more stealthy.
Wands
 k - a wand of random effects (19)
 r - a wand of iceblast (7)
Scrolls
 j - a scroll of blinking
 n - a scroll of remove curse {unknown}
 o - a scroll of identify {unknown}
 p - a scroll of amnesia {unknown}
Potions
 e - 5 potions of curing
 g - a potion of haste
 h - 2 potions of magic
 i - a potion of brilliance {unknown}
Comestibles
 d - a ration


   Skills:
 + Level 8.2 Fighting
 * Level 15.2 Short Blades
 - Level 2.0 Throwing
 + Level 7.9 Dodging
 + Level 22.5 Stealth
 + Level 8.7 Invocations


You had 10 spell levels left.
You didn't know any spells.
Your spell library was empty.

Dungeon Overview and Level Annotations

Branches:
Dungeon (1/1)

Altars:
Cheibriados
Dithmenos
Elyvilon
Fedhas
Gozag
Hepliaklqana
Kikubaaqudgha
Makhleb
Nemelex Xobeh
Okawaru
Qazlal
Ru
Sif Muna
Trog
Uskayaw
Vehumet
Wu Jian
Xom
Yredelemnul
Zin
The Shining One
Jiyva
Lugonu

Shops:
D (*=[=![


Innate Abilities, Weirdness & Mutations

You cannot wear most types of armour.
You are very stealthy in the water. (Stealth+)
You are amphibious.
You can wear up to eight rings at the same time.
You can use your tentacles to constrict eight enemies at once.
Your skin changes colour to match your surroundings (Stealth+).
Your rubbery body absorbs attacks. (AC +1, EV +1)
Scrolls take you longer to read.
Your magical capacity is very low. (-20% MP)
Your system is resistant to poisons. (rPois)
You are weak. (Str -2)
Potions are less effective at restoring your health.
Your spells are easier to cast, but less powerful.


Message History

* * * LOW HITPOINT WARNING * * *
Unknown command.
You hit the jelly but do no damage.
Your tentacles burn!
* * * LOW HITPOINT WARNING * * *
You constrict the necrophage. x2; The jelly hits you.
* * * LOW HITPOINT WARNING * * *
You are splashed with acid!
* * * LOW HITPOINT WARNING * * *
Your system partially rejects the healing.
You feel much better.
You constrict the necrophage. x2
The necrophage misses you. x2; The necrophage barely misses you.
The jelly misses you.
Okay, then.
Aiming: Shadow Step
Press: ? - help, Dir - move target cursor, f - necrophage
Aim: a necrophage (purple smoke, moderately damaged, constricted by you, umbra)
You lose your grip on the necrophage.
You step into the necrophage's shadow.
You constrict the necrophage. The necrophage completely misses you.
The necrophage hits you.
You die...

#_____###'#.#[.§.###.'.#
#########.####§###.###.#
.......'...'.....'[∩##.#
''''####..)###########§#
.....####.### #§#
......#.#'#.# +§#
#.....#.....#+++######§#
......#.)...#..n....§#§#
...#..#######J.n@.§§#§§#
......# n($n..n.§§§####
#.....# $)(.......≈≈#
......# #.......≈≈≈##
''''### ###..≈≈≈≈###
.....∩# +######+ ......#
.....∩# #######


You could see 5 necrophages and a jelly.

Vanquished Creatures
  2 centaur warriors (D)
  Sonja (D)
  A deep troll (D)
  An oklob plant (D)
  8 shining eyes (D)
  2 kobold demonologists (D)
  A hornet (D)
  A slime creature (D)
  Sigmund (D)
  2 redbacks (D)
  A yak (D)
  6 floating eyes (D)
  A necrophage (D)
  An ogre (D)
  7 jellies (D)
  Ijyb (D)
37 creatures vanquished.

Vanquished Creatures (others)
  2 ballistomycete spores (D)
2 creatures vanquished.

Grand Total: 39 creatures vanquished

Notes
Turn   | Place    | Note
-------+----------+-------------------------------------------
     0 | D        | Hugehornet the Octopode Assassin began the quest for the
                  | Orb.
     0 | D        | Reached XP level 1. HP: 14/14 MP: 1/1
     1 | D        | Noticed Ijyb
     4 | D        | Killed Ijyb
     4 | D        | Reached skill level 8 in Stealth
     4 | D        | Reached XP level 2. HP: 19/19 MP: 2/2
     4 | D        | Reached XP level 3. HP: 24/24 MP: 3/3
     7 | D        | Noticed an ogre
    10 | D        | Killed an ogre
    10 | D        | Reached skill level 5 in Short Blades
    10 | D        | Reached skill level 11 in Stealth
    10 | D        | Reached XP level 4. HP: 29/29 MP: 4/4
    19 | D        | Noticed Sigmund
    22 | D        | Killed Sigmund
    22 | D        | Reached skill level 14 in Stealth
    22 | D        | Reached XP level 5. HP: 34/34 MP: 5/5
    22 | D        | Reached XP level 6. HP: 39/39 MP: 6/6
    35 | D        | Found an ornate altar of the Wu Jian Council.
    35 | D        | Found a shimmering blue altar of Sif Muna.
    37 | D        | Found a radiant altar of Vehumet.
    62 | D        | Found Kamm's Armour Emporium.
    62 | D        | Found an ancient bone altar of Kikubaaqudgha.
    62 | D        | Found a hazy altar of Hepliaklqana.
    62 | D        | Found a hide-covered altar of Uskayaw.
    62 | D        | Found a basalt altar of Yredelemnul.
    62 | D        | Found an opulent altar of Gozag.
    62 | D        | Found a snail-covered altar of Cheibriados.
    62 | D        | Found a sacrificial altar of Ru.
    62 | D        | Found a shadowy altar of Dithmenos.
    62 | D        | Noticed a yak
    63 | D        | Found a stormy altar of Qazlal.
    63 | D        | Found a blossoming altar of Fedhas.
    63 | D        | Found a bloodstained altar of Trog.
    63 | D        | Found an iron altar of Okawaru.
    63 | D        | Found a glowing golden altar of the Shining One.
    63 | D        | Found a glowing silver altar of Zin.
    63 | D        | Found a white marble altar of Elyvilon.
    64 | D        | Killed a yak
    64 | D        | Reached skill level 16 in Stealth
    65 | D        | Found a sparkling altar of Nemelex Xobeh.
    73 | D        | Became a worshipper of Dithmenos the Shadowed
    81 | D        | Noticed Sonja
    93 | D        | Killed Sonja
    93 | D        | Reached skill level 10 in Short Blades
    93 | D        | Reached skill level 19 in Stealth
    93 | D        | Reached XP level 7. HP: 38/45 MP: 7/7
    93 | D        | Reached XP level 8. HP: 43/50 MP: 8/8
   490 | D        | Found Omuroco's Weapon Boutique.
   498 | D        | Bought a +2 dagger of draining for 202 gold pieces
   511 | D        | Noticed a deep troll
   515 | D        | Killed a deep troll
   515 | D        | Reached skill level 20 in Stealth
   558 | D        | Found Ruskosaoh's Armour Emporium.
   588 | D        | Found a viscous altar of Jiyva.
   588 | D        | Found a corrupted altar of Lugonu.
   588 | D        | Noticed a slime creature
   589 | D        | Found a burning altar of Makhleb.
   589 | D        | Found a shimmering altar of Xom.
   591 | D        | Killed a slime creature
   591 | D        | Reached * piety under Dithmenos
   591 | D        | Reached XP level 9. HP: 54/54 MP: 9/9
   603 | D        | Noticed a kobold demonologist
   604 | D        | Noticed a kobold demonologist
   606 | D        | Reached skill level 1 in Invocations
   607 | D        | Noticed a hellwing
   617 | D        | Noticed a hellwing
   618 | D        | Killed a kobold demonologist
   619 | D        | Noticed an orange demon
   619 | D        | Killed a kobold demonologist
   619 | D        | Reached ** piety under Dithmenos
   619 | D        | Reached skill level 21 in Stealth
   850 | D        | Noticed a shining eye
   850 | D        | Noticed a shining eye
   850 | D        | Noticed a shining eye
   851 | D        | Noticed a shining eye
   851 | D        | Noticed a shining eye
   851 | D        | Noticed a shining eye
   852 | D        | Noticed a shining eye
   852 | D        | Noticed a shining eye
   855 | D        | Gained mutation: Potions are less effective at restoring
                  | your health. [a shining eye]
   857 | D        | Gained mutation: Your spells are a little easier to cast,
                  | but a little less powerful. [a shining eye]
   860 | D        | Gained mutation: Scrolls take you a little longer to read.
                  | [a shining eye]
   867 | D        | Gained mutation: Your system is resistant to poisons.
                  | (rPois) [a shining eye]
   873 | D        | Killed a shining eye
   874 | D        | Gained mutation: Your magical capacity is low. (-10% MP) [a
                  | shining eye]
   878 | D        | Gained mutation: You are weak. (Str -2) [a shining eye]
   884 | D        | Killed a shining eye
   893 | D        | Killed a shining eye
   893 | D        | Reached skill level 5 in Fighting
   893 | D        | Reached skill level 5 in Invocations
   893 | D        | Reached XP level 10. HP: 66/66 MP: 10/12
   908 | D        | Gained mutation: Your magical capacity is very low. (-20%
                  | MP) [a shining eye]
   912 | D        | Paralysed by a floating eye for 3 turns
   924 | D        | Gained mutation: Scrolls take you longer to read. [a
                  | shining eye]
   926 | D        | Gained mutation: Your spells are easier to cast, but less
                  | powerful. [a shining eye]
   932 | D        | Killed a shining eye
   932 | D        | Reached *** piety under Dithmenos
   932 | D        | Reached skill level 5 in Dodging
   943 | D        | Killed a shining eye
   945 | D        | Reached **** piety under Dithmenos
   949 | D        | Killed a shining eye
   956 | D        | Killed a shining eye
   956 | D        | Reached skill level 22 in Stealth
   969 | D        | Killed a shining eye
   969 | D        | Reached ***** piety under Dithmenos
   972 | D        | Found Pyeffap's Jewellery Shop.
   972 | D        | Found Raisosor's General Store.
   972 | D        | Found Wanoz's Distillery.
   972 | D        | Found Ikofab's Jewellery Emporium.
   977 | D        | Bought the ring "Ytokow" {rPois rF+ rC+ Dex+2 Stlth+} for
                  | 502 gold pieces
  1015 | D        | Noticed a centaur warrior
  1015 | D        | Noticed a centaur warrior
  1018 | D        | Killed a centaur warrior
  1019 | D        | Killed a centaur warrior
  1019 | D        | Reached XP level 11. HP: 76/76 MP: 13/13
  1040 | D        | Noticed an oklob plant
  1042 | D        | Killed an oklob plant
  1042 | D        | Reached skill level 15 in Short Blades
  1084 | D        | Reached ****** piety under Dithmenos
  1105 | D        | HP: 3/75 [acid (11)]
  1107 | D        | Slain by a necrophage

Illustrated notes

Levels and vault maps discovered:
D:        dungeon_sprint_1 [red_sonja_temple_1, red_sonja_temple_small_1]

Skill      XL: |  1  2  3  4  5  6  7  8  9 10 11 |
---------------+----------------------------------+-----
Short Blades   | 3 5 7 10 11 13 14 15 | 15.2
Stealth        | 8 11 14 19 20 21 22 | 22.5
Invocations    | 5 8 |  8.7
Fighting       | 5 7 8 |  8.2
Dodging        | 4 7 |  7.9
Throwing       | |  2.0

Action                   |  1- 3 |  4- 6 |  7- 9 | 10-12 || total
-------------------------+-------+-------+-------+-------++-------
Melee: Dagger            |     2 |    11 |    39 |    61 ||   113
       Tentacles         |       |     1 |    13 |    10 ||    24
       Constrict         |       |     1 |     6 |     6 ||    13
Throw: Dart              |       |       |     3 |       ||     3
Invok: Shadow Step       |       |       |       |     1 ||     1
  Use: Potion            |       |     1 |       |     1 ||     2
 Stab: Sleeping          |     2 |     3 |     3 |    19 ||    27
Armor: Skin              |       |     1 |     1 |       ||     2
Dodge: Dodged            |       |    12 |    10 |    17 ||    39
